 Dungeon Crawl Stone Soup version 0.25.0-9-g26727b657a (webtiles) character file.

Game seed: 6335603043699469028

83 chen the Conjurer (level 4, -5/30 HPs)
             Began as a Human Conjurer on June 20, 2020.
             Shot with an arrow by a centaur (13 damage)
             ... on level 3 of the Dungeon.
             The game lasted 00:08:53 (1918 turns).

chen the Conjurer (Human Conjurer)                  Turns: 1918, Time: 00:08:54

Health: -5/30      AC:  2    Str:  9    XL:     4   Next: 71%
Magic:  3/7        EV: 12    Int: 16    God:
Gold:   88         SH:  0    Dex: 13    Spells: 5/8 levels left

rFire    . . .     SeeInvis .   h - +0 short sword
rCold    . . .     Gourm    .   (no shield)
rNeg     . . .     Faith    .   a - +0 robe
rPois    .         Spirit   .   (no helmet)
rElec    .         Reflect  .   (no cloak)
rCorr    .         Harm     .   (no gloves)
MR       .....                  (no boots)
Stlth    ++........             (no amulet)
HPRegen  0.10/turn              (no ring)
MPRegen  0.10/turn              (no ring)

@: no status effects
A: no striking features
a: no special abilities


You were on level 3 of the Dungeon.
You were not hungry.

You visited 1 branch of the dungeon, and saw 3 of its levels.

You collected 88 gold pieces.

Inventory:

Hand Weapons
 h - a +0 short sword (weapon)
Armour
 a - a +0 robe (worn)
Scrolls
 b - 2 scrolls of amnesia {unknown}
 e - a scroll of enchant weapon {unknown}
 f - a scroll of blinking {unknown}
 i - 4 scrolls of identify {unknown}
 j - a scroll of fog {unknown}
Potions
 d - a potion of haste {unknown}
 g - a potion of might {unknown}
Comestibles
 c - 6 rations


   Skills:
 + Level 2.0 Dodging
 + Level 2.3 Stealth
 + Level 2.6 Spellcasting
 + Level 5.2 Conjurations


You had 5 spell levels left.
You knew the following spells:

 Your Spells              Type           Power        Failure   Level  Hunger
a - Magic Dart            Conj           ###.         2%          1    #......
b - Searing Ray           Conj           ###...       3%          2    ##.....

Your spell library contained the following spells:

 Spells                   Type           Power        Failure   Level  Hunger
 Dazzling Flash           Conj/Hex       ##....       21%         3    ###....
 Fulminant Prism          Conj/Hex       ##........   54%         4    #####..
 Iskenderun's Mystic Bla  Conj/Tloc      ##......     54%         4    #####..


Dungeon Overview and Level Annotations

Branches:
Dungeon (3/15)

Altars:

Annotations:
D:2 Sigmund


Message History

A centaur comes into view.
Casting: Searing Ray (safe; 3% risk of failure)
Confirm with . or Enter, or press ? or * to list all spells.
Aiming: Searing Ray (safe; 3% risk of failure)
Press: ? - help, Shift-Dir - straight line, f - Jessica
Aim: Jessica, wielding a +0 dagger and wearing a +0 robe The searing ray hits Jessica.
Jessica is heavily wounded. (Press . to maintain the ray.) Jessica hits you but does no damage.
The searing ray hits Jessica.
You kill Jessica!
The centaur wields a +0 shortbow.
The centaur shoots an arrow.
The arrow hits you.
The centaur shoots an arrow.
The arrow hits you!
* * * LOW HITPOINT WARNING * * *
The centaur shoots an arrow.
The arrow barely misses you.
You see here an arrow.
The centaur shoots an arrow.
The arrow hits you!
You die...

#######
#....)#######
#<@(.()..c[..
#.....#######
#.....#
#....>#
#.....$.
#......##
...?...#
..##....#


You could see a centaur.

Vanquished Creatures
  Jessica (D:3)
  Natasha (D:2)
  A worm (D:2)
  A leopard gecko (D:2)
  5 bats (D:1)
  A giant cockroach (D:1)
  2 goblins (D:1)
  4 hobgoblins
  3 jackals (D:1)
  4 kobolds
  4 frilled lizards
  A rat (D:1)
28 creatures vanquished.

Notes
Turn   | Place    | Note
-------+----------+-------------------------------------------
     0 | D:1      | chen the Human Conjurer began the quest for the Orb.
     0 | D:1      | Reached XP level 1. HP: 13/13 MP: 3/3
   217 | D:1      | Reached XP level 2. HP: 19/19 MP: 3/5
   223 | D:1      | Learned a level 2 spell: Searing Ray
   853 | D:1      | Reached XP level 3. HP: 24/24 MP: 2/6
  1470 | D:2      | Noticed Sigmund
  1657 | D:2      | Noticed Natasha
  1669 | D:2      | Killed Natasha
  1669 | D:2      | Reached skill level 5 in Conjurations
  1669 | D:2      | Reached XP level 4. HP: 29/30 MP: 3/7
  1910 | D:3      | Noticed Jessica
  1913 | D:3      | Noticed a centaur
  1915 | D:3      | Killed Jessica
  1918 | D:3      | Shot with an arrow by a centaur

Illustrated notes

Levels and vault maps discovered:
D:1:      dpeg_arrival_circle_labyrinth_c, layout_loops_ring
D:2:      layout_loops_cross, first_ration, uniq_natasha, uniq_sigmund
D:3:      layout_basic, evilmike_ruin_ashenzari, lemuel_coloured_pillars_altar,
          palyth_stone_intersect, uniq_jessica

Skill      XL: |  1  2  3 |
---------------+----------+-----
Conjurations   | 5 |  5.2
Dodging        | |  2.0
Stealth        | |  2.3
Spellcasting   | |  2.6

Action                   |  1- 3 |  4- 6 || total
-------------------------+-------+-------++-------
Melee: Unarmed           |     4 |       ||     4
       Short sword       |     3 |       ||     3
 Cast: Magic Dart        |    29 |     1 ||    30
       Searing Ray       |     8 |     2 ||    10
  Eat: Chunk             |     3 |     1 ||     4
Armor: Robe              |     5 |     1 ||     6
Dodge: Dodged            |    15 |     1 ||    16
